Match 31599184
Unlisted

Match 31599184
End
Kettenkrad Recon Vehicle
Construct Infanterie Kompanie
Grenadier Squad
MG 42 Machine Gun Team
Grenadier Squad
Selects Breakthrough Battlegroup
Selects Assault Grenadiers
Construct Panzergrenadier Kompanie
Selects Breakthrough
Panzergrenadier Squad
251 Medium Carrier
Panzergrenadier Squad
Breakthrough
Pak 40 Anti-tank Gun Team
Pioneer Squad
Kettenkrad Recon Vehicle
Panzergrenadier Squad
Medical Station
Selects 2.5-tonne Cargo Truck
Panzergrenadier Officer Quarters
Breakthrough
Construct Panzer Kompanie
Selects Blitzkrieg
Pak 40 Anti-tank Gun Team
Panzer IV Medium Tank
Selects Incendiary Bombing Run
Side Skirts
Pak 40 Anti-tank Gun Team
Pak 40 Anti-tank Gun Team
Incendiary Bombing Run
Breakthrough
Nukepapa
Fajolada
JackassYO
Hakim
0
0

Comments sign in to comment!

No comments posted yet!